 Dungeon Crawl Stone Soup version 0.30-a0-269-gf0224bf7b6 (webtiles) character file.

Game seed: 13655451519398225377

5303 byup the Thaumaturge (level 10, -2/57 HPs)
             Began as a Djinni Fire Elementalist on Oct 14, 2022.
             Was a High Priest of Hepliaklqana.
             Slain by a yak (12 damage)
             ... on level 9 of the Dungeon on Oct 15, 2022.
             The game lasted 01:24:52 (8643 turns).

byup the Thaumaturge (Djinni Fire Elementalist)     Turns: 8643, Time: 01:24:53

Health: -2/57      AC: 16    Str: 12    XL:     10   Next: 95%
Gold:   633        EV: 10    Int: 19    God:    Hepliaklqana [*****.] SH:  0 Dex: 16

rFire   + + .      SeeInvis .    p - +10 sling "Amo Reas" {venom, +Blink}
rCold   x . .      Faith    .    (no shield)
rNeg    . . .      Spirit   .    y - +2 scale mail "Zappaphixke" {MP-9 Str+5}
rPois   ∞          Reflect  .    j - +1 helmet
rElec   .          Harm     .    c - +1 cloak
rCorr   .          Rampage  .    I - +2 pair of gloves
Will    +....                    (boots unavailable)
Stlth   +.........               (no amulet)
HPRegen 0.29/turn                (no ring)
MPRegen 0.00/turn                (no ring)

@: flying
A: reduced essence, sickness immunity, fire resistance 2, cold vulnerability 1,
float, innate caster, HP casting, extra vitality 1
a: Renounce Religion, Evoke Blink, Recall Ancestor, Ancestor Identity,
Transference, Idealise


You were on level 9 of the Dungeon.
You worshipped Hepliaklqana.
Hepliaklqana was extremely pleased with you.
You visited 2 branches of the dungeon, and saw 10 of its levels.
You also visited: Bailey.

You collected 633 gold pieces.

Inventory:

Hand Weapons
 p - the +10 sling "Amo Reas" (weapon) {venom, +Blink}
   (You found it on level 6 of the Dungeon)

   Any ammunition fired from it poisons the flesh of those it strikes.
   +Blink:    It lets you blink.
 A - a +3 spear of venom
Missiles
 i - 76 stones
 w - 2 throwing nets
Armour
 c - a +1 cloak (worn)
 g - a +2 leather armour of fire resistance
 j - a +1 helmet (worn)
 y - the +2 scale mail "Zappaphixke" (worn) {MP-9 Str+5}
   (You found it on level 6 of the Dungeon)

   Str:       It affects your strength (+5).
   MP:        It affects your magic capacity (-9).
 G - a +0 robe of fire resistance
 I - a +2 pair of gloves (worn)
Jewellery
 t - an amulet of faith
Wands
 b - a wand of digging (5)
 v - a wand of paralysis (8)
 x - a wand of polymorph (11)
 F - a wand of flame (9)
Scrolls
 a - a scroll of identify
 h - 4 scrolls of enchant weapon
 l - 3 scrolls of teleportation {unknown}
 m - 4 scrolls of immolation
 n - 2 scrolls of poison {unknown}
 r - a scroll of summoning {unknown}
 s - a scroll of silence {unknown}
 u - a scroll of fear {unknown}
 E - a scroll of amnesia {unknown}
 H - a scroll of blinking {unknown}
Potions
 d - 6 potions of curing
 e - a potion of haste {unknown}
 f - 2 potions of cancellation {unknown}
 o - 3 potions of degeneration {unknown}
 q - a potion of invisibility {unknown}
 z - a potion of berserk rage {unknown}
 B - 2 potions of lignification {unknown}
 C - a potion of attraction {unknown}
 D - a potion of might {unknown}


   Skills:
 + Level 1.8 Fighting
 + Level 1.4 Maces & Flails
 + Level 3.6 Armour
 + Level 4.3 Dodging
 + Level 4.0 Stealth
 + Level 10.7 Spellcasting
 + Level 1.6 Evocations


You had 8 spell levels left.
You knew the following spells:

 Your Spells              Type           Power      Damage    Failure   Level
a - Foxfire               Conj/Fire      100%       2x1d9     1%          1
b - Scorch                Fire           100%       2d10      1%          2
c - Kindle Blastsparks    Fire/Tloc/Air  100%       2d18      1%          3
d - Inner Flame           Hex/Fire       50%        N/A       1%          3
e - Flame Wave            Conj/Fire      50%        2d12      4%          4
f - Sandblast             Erth           100%       2d20      1%          1
g - Passwall              Tmut/Erth      41%        N/A       1%          2
h - Teleport Other        Tloc           50%        N/A       1%          3
i - Call Canine Familiar  Summ           50%        N/A       1%          3
Your spell library was empty.

Dungeon Overview and Level Annotations

Branches:
Dungeon (9/15)             Temple (1/1) D:6          Bailey (visited)
   Lair: D:8-11         Orc: D:9-12

Altars:
Cheibriados
Dithmenos
Elyvilon
Fedhas
Gozag
Hepliaklqana
Makhleb
Okawaru
Ru
Trog
Uskayaw
Wu Jian
Xom
Zin
The Shining One


Innate Abilities, Weirdness & Mutations

Your life essence is reduced to manifest your ancestor. (-10% HP)
You are immune to sickness and miasma.
You are immune to poison.
Your flesh is very heat resistant. (rF++)
You are vulnerable to cold. (rC-)
You float through the air rather than walking.
You learn spells naturally, not from books.
Your magical power is your life essence.
You have superior vitality. (+4 MHP)


Message History

The yak gores your wolf!
Your wolf dies!
Your wolf's corpse disappears in a puff of smoke!
The yak bellows!
Casting: Call Canine Familiar (safe; 1% risk of failure)
Confirm with . or Enter, or press ? or * to list all spells.
You conjure some foxfire!
Ingwe hits the yak with a +0 flail.
The foxfire hits the yak but does no damage.
The foxfire hits the yak but does no damage.
Ingwe barely misses the yak.
Casting: Foxfire (safe; 1% risk of failure)
Confirm with . or Enter, or press ? or * to list all spells.
You conjure some foxfire!
Ingwe hits the yak with a +0 flail!
The yak dies!
The yak gores you.
* * * LOW HITPOINT WARNING * * *
The foxfire hits the yak.
The yak is lightly wounded.
The foxfire hits the yak.
The yak is lightly wounded.
Ingwe hits the yak with a +0 flail!
The yak gores Ingwe!
Casting: Foxfire (safe; 1% risk of failure)
Confirm with . or Enter, or press ? or * to list all spells.
Flames lash the yak.
The yak is almost dead.
The yak's fire resistance burns away.
* * * LOW HITPOINT WARNING * * *
Ingwe hits the yak but does no damage.
The yak gores you.
* * * LOW HITPOINT WARNING * * *
Ingwe blocks the yak's attack.
The yak attacks as you move away! The yak closely misses you.
Ingwe hits the yak with a +0 flail!
The yak gores Ingwe but does no damage.
A kobold brigand comes into view.
It is wielding a +0 dagger and quivering poisoned darts.
The kobold brigand shouts!
Ingwe barely misses the yak.
The yak gores you but does no damage.
The yak barely misses Ingwe.
Ingwe hits the yak with a +0 flail.
The yak gores Ingwe but does no damage.
Ingwe hits the yak but does no damage.
The yak gores Ingwe.
The yak attacks as you move away! The yak gores you!
You die...

# ## ##. ..## ##..
..# #. ##..# #.##
#.# #...# #..# #.#
####...# #@.# ##.#
....)..## #Y.###..#
#)..## ##Y.....#
##...######)......#
###...#.......)..##
#^..)K.).<.......#
##...).....R........
#........:.Y)..#####
#...########...##


You could see the friendly Ingwe the knight and 3 yaks.

Vanquished Creatures
  Prince Ribbit (D:7)
  A hornet (D:8)
  A water moccasin (D:5)
  A sky beast (D:4)
  3 black bears (D:6)
  2 orc warriors (D:7)
  A centaur (D:8)
  A bullfrog (D:8)
  3 gnoll sergeants
  2 necrophages
  6 wights
  A scorpion (D:5)
  3 killer bees (D:8)
  2 orc priests
  7 hounds
  A gnoll bouda (D:5)
  4 iguanas
  2 orc wizards
  5 adders
  11 gnolls
  An ancestor (D:4)
  2 worms
  20 orcs
  7 ball pythons
  8 endoplasms
  2 giant cockroaches
  6 goblins
  9 hobgoblins
  9 jackals
  4 kobolds
  3 quokkas
  6 bats
  2 frilled lizards
  2 rats
139 creatures vanquished.

Vanquished Creatures (collateral kills)
  Joseph (D:7)
  Grinder (D:5)
  Sigmund (D:5)
  2 yaks (D:9)
  Duvessa (D:7)
  A water moccasin (D:8)
  2 orc warriors
  An ogre (D:4)
  A centaur (D:8)
  A scorpion (D:7)
  2 bullfrogs
  A gnoll sergeant (D:7)
  A necrophage (D:3)
  3 wights (D:9)
  Dowan (D:7)
  2 killer bees (D:8)
  A lava snake (D:7)
  A hound (D:5)
  An orc priest (D:7)
  An iguana (D:6)
  7 orc wizards
  3 adders (D:5)
  9 gnolls
  A worm (D:4)
  16 orcs
  3 endoplasms
  3 hobgoblins
  4 jackals
  4 kobolds
  A quokka (D:3)
  A ball python (D:2)
  2 frilled lizards
  6 goblins
  2 rats
88 creatures vanquished.

Vanquished Creatures (others)
  3 ancestors
  238 foxfires
  2 plants (D:1)
243 creatures vanquished.

Grand Total: 470 creatures vanquished

Notes
Turn   | Place    | Note
-------+----------+-------------------------------------------
     0 | D:1      | byup the Djinni Fire Elementalist began the quest for the
                  | Orb.
     0 | D:1      | byup set off with the following spells memorised: Foxfire,
                  | Scorch, Kindle Blastsparks, Inner Flame, Flame Wave.
     0 | D:1      | Reached XP level 1. HP: 15/15 MP: 0/0
   359 | D:1      | Reached XP level 2. HP: 12/21 MP: 0/0
   597 | D:1      | Found a faded altar of an unknown god.
   609 | D:1      | Prayed at the altar of an unknown god.
   609 | D:1      | Became a worshipper of Hepliaklqana the Forgotten
   609 | D:1      | Reached * piety under Hepliaklqana
  1104 | D:1      | Reached XP level 3. HP: 20/22 MP: 0/0
  1104 | D:1      | Learned a level 1 spell: Sandblast
  1534 | D:2      | Reached skill level 3 in Spellcasting
  1658 | D:2      | Reached XP level 4. HP: 26/27 MP: 0/0
  1802 | D:2      | Reached ** piety under Hepliaklqana
  2172 | D:3      | Found a hide-covered altar of Uskayaw.
  2408 | D:3      | Reached XP level 5. HP: 22/31 MP: 0/0
  2408 | D:3      | Learned a level 2 spell: Passwall
  2772 | D:3      | Reached skill level 4 in Spellcasting
  2772 | D:3      | Reached XP level 6. HP: 33/36 MP: 0/0
  2946 | D:3      | Paralysed by a kobold for 3 turns
  2972 | D:3      | Found a shimmering altar of Xom.
  3378 | D:4      | Noticed a sky beast
  3392 | D:4      | Killed a sky beast
  3551 | D:4      | Reached XP level 7. HP: 31/41 MP: 0/0
  3551 | D:4      | Learned a level 3 spell: Teleport Other
  3659 | D:4      | Reached *** piety under Hepliaklqana
  3782 | D:4      | Reached skill level 5 in Spellcasting
  4248 | D:5      | Entered Level 5 of the Dungeon
  4248 | D:5      | Noticed Grinder
  4250 | D:5      | Noticed Sigmund
  4264 | D:5      | Killed Sigmund
  4265 | D:5      | Reached XP level 8. HP: 6/45 MP: 0/0
  4270 | D:5      | Killed Grinder
  4271 | D:5      | Reached skill level 1 in Maces & Flails
  4271 | D:5      | Reached skill level 6 in Spellcasting
  4355 | D:5      | Reached skill level 1 in Fighting
  4722 | D:5      | Reached **** piety under Hepliaklqana
  4817 | D:5      | Remembered your ancestor Ingwe as a knight
  4824 | D:5      | Reached skill level 7 in Spellcasting
  4826 | D:5      | Reached skill level 1 in Evocations
  4894 | D:5      | Reached XP level 9. HP: 50/51 MP: 0/0
  4894 | D:5      | Learned a level 3 spell: Call Canine Familiar
  5517 | D:6      | Reached skill level 8 in Spellcasting
  5547 | D:6      | Found a staircase to the Ecumenical Temple.
  5573 | D:6      | Found a glowing golden altar of the Shining One.
  5585 | D:6      | Identified the +10 sling "Amo Reas" {venom, +Blink}
  5739 | D:6      | Identified the +2 scale mail "Zappaphixke" {MP-9 Str+5}
  5882 | D:6      | Found a glowing silver altar of Zin.
  5953 | D:6      | Found a shadowy altar of Dithmenos.
  5999 | Temple   | Entered the Ecumenical Temple
  6346 | D:7      | Noticed Duvessa
  6348 | D:7      | Noticed Dowan
  6355 | D:7      | Killed Dowan
  6359 | D:7      | Killed Duvessa
  6360 | D:7      | Reached skill level 9 in Spellcasting
  6555 | D:7      | Noticed Prince Ribbit
  6559 | D:7      | Reached XP level 10. HP: 57/57 MP: 0/0
  6568 | D:7      | Reached ***** piety under Hepliaklqana
  6574 | D:7      | Killed Prince Ribbit
  6615 | D:7      | Reached skill level 1 in Armour
  6796 | D:7      | Noticed Joseph
  6804 | D:7      | Killed Joseph
  6812 | D:7      | Reached skill level 10 in Spellcasting
  7596 | D:8      | Found a flagged portal.
  7606 | Bailey   | Entered a bailey
  8643 | D:9      | Slain by a yak

Illustrated notes

Levels and vault maps discovered:
D:1:      lightli_arrival_flooded_house, layout_basic,
          ebering_ecumenical_altar_rust
D:2:      layout_rooms, hangedman_decor_peaks_small
D:3:      layout_loops_cross, nicolae_uskayaw_dance_hall, tgw_xom,
          nrook_campfire, minmay_misc_feat_roman, kennysheep_generic_room_6
D:4:      layout_cave_pools, portal_sewer_entry_b, st_stairs_6,
          minmay_door_square, kennysheep_dice
D:5:      layout_cave_pools, serial_gnoll_camp, gnoll_camp_mini_basic,
          gnoll_camp_mini_house, gnoll_camp_mini_sergeant, gnoll_camp_mini_hut,
          gnoll_camp_mini_doghouse, grunt_ministairs_7, hangedman_decor_growths,
          uniq_grinder, uniq_sigmund
D:6:      layout_rooms, mainiacjoe_overflow_paths, lemuel_tele_altar,
          grunt_temple_overflow_open, minmay_temple_entry_junction,
          kennysheep_generic_room_15
D:7:      layout_cave_pods, kennysheep_generic_room_4, uniq_joseph,
          uniq_duvessa, uniq_prince_ribbit1
D:8:      layout_gridville, led_sif_pool, enter_bailey_3
D:9:      layout_layer_cave, nicolae_qazlal_scattered_showers,
          nemelex_spade_bored_becter
Temple:   minmay_freezing_vapour_temple

Skill      XL: |  1  2  3  4  5  6  7  8  9 10 |
---------------+-------------------------------+-----
Stealth        | 2 3 4 |  4.0
Spellcasting   | 3 4 5 7 9 10 | 10.7
Dodging        | 3 4 |  4.3
Maces & Flails | 1 |  1.4
Fighting       | 1 |  1.8
Evocations     | 1 |  1.6
Armour         | 3 |  3.6

Action                   |  1- 3 |  4- 6 |  7- 9 | 10-12 || total
-------------------------+-------+-------+-------+-------++-------
Melee: Unarmed           |     8 |       |       |       ||     8
       Whip              |     7 |     5 |       |       ||    12
       Punch             |     1 |       |     1 |       ||     2
       Spear             |       |       |     3 |       ||     3
 Fire: Sling             |       |       |       |     5 ||     5
 Cast: Foxfire           |    40 |    57 |    19 |    41 ||   157
       Scorch            |       |     7 |    88 |    38 ||   133
       Kindle Blastspark |       |     1 |     6 |     1 ||     8
       Inner Flame       |       |     1 |       |       ||     1
       Call Canine Famil |       |       |     5 |     3 ||     8
       Flame Wave        |       |       |     4 |     1 ||     5
       Passwall          |       |       |     1 |       ||     1
Invok: Ancestor Life: Kn |       |       |     1 |       ||     1
       Recall Ancestor   |       |       |     1 |     1 ||     2
 Abil: Evoke Blink       |       |       |     1 |     1 ||     2
Evoke: Wand              |       |       |     5 |       ||     5
  Use: Scroll            |       |       |     8 |     1 ||     9
Armor: Robe              |     8 |    23 |    16 |       ||    47
       Scale mail        |       |       |     6 |    35 ||    41
Dodge: Dodged            |    19 |    41 |    39 |    36 ||   135

Table legend: (Time is in decaauts)
 A = Elapsed time spent in this place.
 B = Non-inter-level travel time spent in this place.
 C = Inter-level travel time spent in this place.
 D = Time resting spent in this place.
 E = Time spent auto-exploring this place.
 F = Levels seen in this place.
 G = Mean time per level.
                   A        B        C        D        E       F      G
               +--------+--------+--------+--------+--------+-----+--------+
         Total |   8643 |   8633 |     10 |      0 |   2482 |  11 |  785.7 |
       Dungeon |   8537 |   8527 |     10 |      0 |   2482 |   9 |  948.6 |
        Temple |     25 |     25 |      0 |      0 |      0 |   1 |   25.0 |
        Bailey |     79 |     79 |      0 |      0 |      0 |   1 |   79.0 |
               +--------+--------+--------+--------+--------+-----+--------+

Top non-repeatable levels by time:
     D:1: 1471 daAuts
     D:5: 1196 daAuts
     D:7: 1179 daAuts
     D:8: 1100 daAuts
     D:4: 1081 daAuts
     D:3: 1011 daAuts
     D:6: 766 daAuts
     D:2: 682 daAuts
  Bailey: 79 daAuts
     D:9: 47 daAuts
  Temple: 25 daAuts
